 Dungeon Crawl Stone Soup version 0.30-a0-313-gae38170b09 (webtiles) character file.

Game seed: 1602140729818106522

333 greasedhog the Sneak (level 6, -4/36 HPs)
             Began as a Gargoyle Enchanter on Oct 26, 2022.
             Killed by divine providence
             ... invoked by an orc priest
              (14 damage)
             ... on level 4 of the Dungeon.
             The game lasted 00:04:52 (3195 turns).

greasedhog the Sneak (Gargoyle Enchanter)           Turns: 3195, Time: 00:04:53

Health: -4/36      AC:  7    Str: 12    XL:     6   Next: 52%
Magic:  9/9        EV: 11    Int: 17    God:
Gold:   164        SH:  0    Dex: 15    Spells: 4/9 levels left

rFire   . . .      SeeInvis +    i - +1 short sword (drain)
rCold   . . .      Faith    .    (no shield)
rNeg    + . .      Spirit   .    f - +0 leather armour
rPois   ∞          Reflect  .    (no helmet)
rElec   +          Harm     .    s - scarf {+Inv}
rCorr   .          Rampage  .    (no gloves)
Will    .....                    (no boots)
Stlth   +++.......               (no amulet)
HPRegen 0.26/turn                l - ring of Youthful Indiscretion {rPois Int+2 Dex+3 SInv}
MPRegen 0.11/turn                (no ring)

@: invisible
A: sickness immunity, AC +4, negative energy resistance 1, electricity
resistance, torment resistance 1, petrification resistance
a: Evoke Invisibility


You were on level 4 of the Dungeon.
You visited 1 branch of the dungeon, and saw 4 of its levels.

You collected 164 gold pieces.

Inventory:

Hand Weapons
 a - a +1 dagger
 i - a +1 short sword of draining (weapon)
Missiles
 b - 4 javelins (quivered)
Armour
 f - a +0 leather armour (worn)
 s - a scarf of invisibility (worn)
Jewellery
 l - the ring of Youthful Indiscretion (left hand) {rPois Int+2 Dex+3 SInv}
   (You found it on level 2 of the Dungeon)

   [ring of see invisible]

   Int:       It affects your intelligence (+2).
   Dex:       It affects your dexterity (+3).
   rPois:     It protects you from poison.
   SInv:      It lets you see invisible.
Scrolls
 d - a scroll of poison
 g - a scroll of butterflies
 m - a scroll of enchant armour
 n - 2 scrolls of fear {unknown}
 o - a scroll of magic mapping {unknown}
 p - a scroll of teleportation
 r - 3 scrolls of identify
 t - a scroll of immolation {unknown}
Potions
 c - a potion of invisibility
 e - 5 potions of might {unknown}
 h - 2 potions of flight {unknown}
 j - 3 potions of lignification {unknown}
 k - a potion of degeneration {unknown}
 q - 2 potions of haste {unknown}


   Skills:
 + Level 2.6 Fighting
 * Level 3.5 Short Blades
 - Level 1.5 Dodging
 * Level 5.6 Stealth
 - Level 2.0 Spellcasting
 + Level 3.3 Hexes


You had 4 spell levels left.
You knew the following spells:

 Your Spells              Type           Power      Damage    Failure   Level
a - Ensorcelled Hibernat  Hex/Ice        14%        N/A       19%         2
b - Confusing Touch       Hex            12%        N/A       19%         3

Your spell library contained the following spells:

 Spells                   Type           Power      Damage    Failure   Level
 Tukima's Dance           Hex            12%        N/A       19%         3
 Poisonous Vapours        Pois/Air       2%         N/A       36%         2
 Dazzling Flash           Conj/Hex       14%        N/A       36%         3
 Mephitic Cloud           Conj/Pois/Air  1%         N/A       58%         3
 Cigotuvi's Dreadful Rot  Necr/Pois/Air  Unusable   N/A       N/A         2

Dungeon Overview and Level Annotations

Branches:
Dungeon (4/15)
 Temple: D:4-7

Altars:
Yredelemnul


Innate Abilities, Weirdness & Mutations

You are immune to sickness and miasma.
Your stone body is resilient. (AC +4)
You are immune to poison.
You resist negative energy. (rN+)
You are resistant to electric shocks. (rElec)
You are resistant to unholy torment.
You are immune to petrification.


Message History

The orc priest is moderately wounded.
The orc priest hits you but does no damage.
You hit the orc priest. You drain the orc priest.
The orc priest is severely wounded.
The orc priest hits you but does no damage.
You hit the orc priest but do no damage.
The orc priest is severely wounded.
You hit the orc priest.
The orc priest is severely wounded.
The orc priest hits you with a +0 flail.
The orc priest completely misses you. The orc hits you but does no damage.
You closely miss the orc priest.
The orc priest is severely wounded.
The orc priest hits you with a +0 flail!
The orc priest misses you. The orc hits you with a +0 hand axe.
* * * LOW HITPOINT WARNING * * *
You are too injured to fight recklessly!
You are too injured to fight recklessly!
You are too injured to fight recklessly!
You are too injured to fight recklessly!
You are too injured to fight recklessly!
You are too injured to fight recklessly!
You are too injured to fight recklessly!
You are too injured to fight recklessly!
You are too injured to fight recklessly!
You are too injured to fight recklessly!
You are too injured to fight recklessly!
You are too injured to fight recklessly!
You are too injured to fight recklessly!
You are too injured to fight recklessly!
You are too injured to fight recklessly!
You are too injured to fight recklessly!
You are too injured to fight recklessly!
Unknown command.
You fade into invisibility!
The orc priest hits you but does no damage.
The orc priest misses you. The orc closely misses you.
The orc priest invokes the aid of Beogh against you.
Beogh smites you!
You die...

............##.##
##.....#......##
....#..#####..<.#
######.### ##...###
###......###..#....
#....P.P.....####..
#.##.._......####..
#######o##.P.P...........
.....oo.@..........####..
#######o##.........# #...
#....######### #..[
..#### ##... ...# ##....
....# #######..... .$.###
#.......#†.. ...#
....#####..†.. # #..##..


You could see 2 orc priests and 2 orcs.

Vanquished Creatures
  A scorpion (D:3)
  A hound (D:3)
  An orc priest (D:4)
  An iguana (D:4)
  An orc wizard (D:3)
  4 gnolls (D:3)
  An adder (D:3)
  3 worms
  4 dart slugs
  10 orcs
  7 bats
  12 endoplasms
  6 giant cockroaches
  5 goblins
  4 hobgoblins
  3 jackals (D:1)
  3 kobolds
  3 quokkas
  6 ball pythons
  4 frilled lizards
  7 rats
87 creatures vanquished.

Notes
Turn   | Place    | Note
-------+----------+-------------------------------------------
     0 | D:1      | greasedhog the Gargoyle Enchanter began the quest for the
                  | Orb.
     0 | D:1      | Reached XP level 1. HP: 10/10 MP: 3/3
     1 | D:1      | Found a runed translucent door.
    41 | D:1      | Reached skill level 1 in Short Blades
   262 | D:1      | Reached XP level 2. HP: 11/16 MP: 5/5
   318 | D:1      | Learned a level 2 spell: Ensorcelled Hibernation
   554 | D:1      | Reached skill level 1 in Fighting
   623 | D:1      | Reached XP level 3. HP: 20/20 MP: 6/6
   654 | D:1      | Reached skill level 4 in Stealth
  1225 | D:2      | Learned a level 3 spell: Confusing Touch
  1438 | D:2      | Reached XP level 4. HP: 25/25 MP: 7/7
  1659 | D:2      | Identified the ring of Youthful Indiscretion {rPois Int+2
                  | Dex+3 SInv}
  2031 | D:3      | Reached XP level 5. HP: 16/30 MP: 8/8
  2454 | D:3      | Reached skill level 5 in Stealth
  2702 | D:3      | Reached XP level 6. HP: 17/35 MP: 9/9
  3090 | D:4      | Found a basalt altar of Yredelemnul.
  3195 | D:4      | Killed from afar by an orc priest

Illustrated notes

Levels and vault maps discovered:
D:1:      dpeg_arrival_caged_fury, layout_rooms, minmay_misc_feat_rugged
D:2:      wad_crossroads, layout_basic, glass_columns_a, minmay_split_cup_large
D:3:      layout_loops_corners
D:4:      layout_rooms, yredelemnul_altar_generic, lemuel_doored_altar,
          kennysheep_generic_room_4

Skill      XL: |  1  2  3  4  5 |
---------------+----------------+-----
Short Blades   | 1 2 3 |  3.5
Fighting       | 1 2 |  2.6
Stealth        | 4 5 |  5.6
Hexes          | 3 |  3.3
Dodging        | |  1.5
Spellcasting   | |  2.0

Action                   |  1- 3 |  4- 6 || total
-------------------------+-------+-------++-------
Melee: Dagger            |    51 |       ||    51
       Short sword       |    88 |   171 ||   259
       Punch             |       |     3 ||     3
Throw: Javelin           |     8 |       ||     8
  Use: Scroll            |     4 |     1 ||     5
       Potion            |       |     1 ||     1
 Stab: Sleeping          |     4 |     6 ||    10
       Distracted        |     1 |     2 ||     3
Armor: Robe              |    19 |       ||    19
       Leather armour    |    42 |    57 ||    99
Dodge: Dodged            |    78 |    74 ||   152

Table legend: (Time is in decaauts)
 A = Elapsed time spent in this place.
 B = Non-inter-level travel time spent in this place.
 C = Inter-level travel time spent in this place.
 D = Time resting spent in this place.
 E = Time spent auto-exploring this place.
 F = Levels seen in this place.
 G = Mean time per level.
                   A        B        C        D        E       F      G
               +--------+--------+--------+--------+--------+-----+--------+
         Total |   3160 |   3035 |    125 |    310 |   2068 |   4 |  790.0 |
       Dungeon |   3160 |   3035 |    125 |    310 |   2068 |   4 |  790.0 |
               +--------+--------+--------+--------+--------+-----+--------+

Top non-repeatable levels by time:
     D:1: 1083 daAuts
     D:3: 1030 daAuts
     D:2: 858 daAuts
     D:4: 188 daAuts
